Map: Mech-Depot LE

Players

Dystopia - Winner!

  • Race: Protoss Protoss
  • League: Master
  • Spawn Location: 1:00

MediumM

  • Race: Protoss Protoss
  • League: Master
  • Spawn Location: 7:00

VOD

Have the link to the VOD?

Description

Time

  • Played on: Sept. 29, 2017, 5:49 p.m.
  • Length: 20:53
Show
View Real Time Build Order
Export as new Build Order

Dystopia Protoss - Winner!

Build Orders:  

Get SALT Encoding   

  12  0:01  Probe (Chrono Boost)  
  13  0:12  Probe (Chrono Boost)  
  14  0:18  Pylon  
  14  0:22  Probe (Chrono Boost)  
  15  0:36  Probe (Chrono Boost)  
  15  0:38  Gateway  
  15  0:41  Assimilator  
  16  0:47  Probe (Chrono Boost)  
  17  0:52  Assimilator  
  17  0:57  Probe (Chrono Boost)  
  18  1:08  Probe (Chrono Boost)  
  18  1:11  Gateway  
  20  1:18  Probe (Chrono Boost)  
  20  1:27  Cybernetics Core  
  20  1:44  Pylon  
  20  1:45  Probe (Chrono Boost)  
  20  2:03  Mothership Core (Chrono Boost)  
  20  2:08  Pylon  
  19  2:17  Stalker (Chrono Boost)  
  21  2:33  Stalker (Chrono Boost)  
  23  2:37  Pylon  
  23  2:49  Pylon  
  23  3:22  Cybernetics Core  
  23  3:34  Gateway  
  21  3:44  Pylon  
  21  3:58  Mothership Core  
  25  4:11  Pylon  
  23  4:24  Pylon  
  21  4:26  Pylon  
  21  4:29  Mothership Core  
  20  4:31  Warp Gate  
  20  4:35  Stalker (Chrono Boost)  
  22  5:04  Probe  
  23  5:14  Probe  
  23  5:18  Pylon  
  26  5:32  Stalker (Chrono Boost)  
  26  5:40  Gateway  
  26  5:52  Probe  
  26  5:57  Pylon  
  26  6:15  Pylon  
  21  6:32  Probe  
  22  6:40  Pylon  
  22  6:41  Pylon  
  20  6:48  Stalker  
  22  7:00  Stalker  
  22  7:14  Stalker  
  18  7:27  Probe (Chrono Boost)  
  19  7:33  Stalker  
  21  7:38  Probe (Chrono Boost)  
  21  7:41  Stalker, Robotics Facility  
  24  7:53  Probe (Chrono Boost)  
  25  8:03  Probe (Chrono Boost)  
  25  8:14  Probe (Chrono Boost)  
  26  8:31  Stalker, Immortal (Chrono Boost)  
  26  8:32  Stalker  
  34  8:39  Probe  
  35  9:01  Nexus  
  35  9:05  Observer (Chrono Boost)  
  36  9:19  Probe  
  36  9:20  Pylon  
  37  9:34  Pylon  
  37  9:39  Immortal (Chrono Boost)  
  39  9:54  Stalker x2  
  43  10:01  Pylon  
  43  10:02  Probe  
  43  10:16  Immortal (Chrono Boost)  
  43  10:32  Probe  
  41  10:42  Probe  
  41  10:47  Assimilator  
  42  10:52  Mothership Core  
  42  10:54  Pylon  
  44  11:02  Stalker x2  
  42  11:18  Probe  
  42  11:20  Probe  
  44  11:27  Observer (Chrono Boost)  
  44  11:29  Probe  
  44  11:32  Probe  
  47  11:33  Sentry  
  47  11:34  Sentry  
  51  11:44  Probe, Assimilator  
  52  11:54  Probe  
  52  11:56  Probe  
  54  12:04  Probe  
  54  12:07  Immortal (Chrono Boost)  
  59  12:11  Probe  
  60  12:21  Twilight Council  
  60  12:25  Probe  
  60  12:26  Probe  
  62  12:35  Probe  
  58  12:46  Immortal (Chrono Boost)  
  58  12:50  Stalker  
  64  13:04  Stalker  
  66  13:05  Probe  
  66  13:07  Probe  
  68  13:17  Stalker  
  70  13:20  Blink  
  70  13:29  Pylon  
  70  13:37  Pylon  
  70  13:44  Assimilator  
  70  13:46  Probe  
  70  13:47  Probe, Warp Prism (Chrono Boost)  
  74  14:03  Stalker x2  
  76  14:19  Observer (Chrono Boost)  
  69  14:33  Probe  
  69  14:35  Probe  
  71  14:42  Gateway  
  71  14:44  Sentry x2  
  71  14:45  Gateway  
  75  14:47  Gateway  
  69  15:12  Stalker x2  
  51  15:37  Immortal (Chrono Boost)  
  53  15:44  Templar Archives  
  53  15:47  Stalker x2  
  57  16:01  Nexus  
  57  16:03  Stalker x3  
  63  16:05  Mothership Core  
  63  16:08  Pylon  
  65  16:11  Pylon  
  65  16:20  High Templar  
  65  16:21  High Templar  
  69  16:30  Archon  
  69  16:31  High Templar  
  71  16:33  High Templar  
  71  16:38  Archon, Assimilator  
  71  16:39  Assimilator  
  73  16:42  Zealot  
  73  16:44  Charge (Chrono Boost)  
  75  16:52  Probe  
  75  16:53  Probe  
  77  17:01  High Templar  
  77  17:03  Probe  
  77  17:05  Probe  
  81  17:14  Probe  
  81  17:17  High Templar  
  81  17:18  Probe  
  81  17:19  Zealot x3  
  84  17:39  Probe  
  85  17:45  Probe  
  85  17:46  Probe  
  85  17:51  High Templar x2, Probe  
  92  17:52  Zealot  
  92  17:53  Zealot x2  
  92  17:56  Probe  
  99  17:59  Probe, Archon x2  
  99  18:03  Probe  
  101  18:07  Probe  
  101  18:09  Warp Prism  
  104  18:18  Probe  
  105  18:21  Zealot x2  
  109  18:34  Zealot  
  109  18:35  Probe, Zealot x2  
  109  18:36  Probe  
  117  18:49  Pylon  
  117  18:51  Pylon  
  117  18:52  Pylon  
  117  19:13  High Templar x5  
  127  19:17  Archon x2  
  119  19:54  Zealot x5  
  91  20:21  Stalker x3  
  91  20:22  Stalker x2  
Show
View Real Time Build Order
Export as new Build Order

MediumM Protoss 

Build Orders: Cannon Rush 

Get SALT Encoding   

  12  0:01  Probe (Chrono Boost)  
  13  0:11  Probe (Chrono Boost)  
  14  0:17  Pylon  
  14  0:22  Probe (Chrono Boost)  
  15  0:36  Probe (Chrono Boost)  
  15  0:40  Forge  
  16  1:09  Pylon  
  16  1:15  Probe (Chrono Boost)  
  16  1:29  Photon Cannon  
  16  1:31  Pylon  
  16  1:37  Photon Cannon  
  16  1:38  Pylon  
  16  1:47  Photon Cannon  
  16  1:48  Pylon  
  16  1:54  Photon Cannon  
  16  2:09  Photon Cannon  
  16  2:17  Photon Cannon  
  16  2:28  Photon Cannon  
  16  2:34  Photon Cannon  
  16  2:42  Photon Cannon  
  16  2:52  Photon Cannon  
  16  3:02  Photon Cannon  
  16  3:06  Photon Cannon  
  16  3:10  Photon Cannon  
  16  3:18  Photon Cannon  
  16  3:25  Photon Cannon  
  16  3:32  Photon Cannon  
  16  3:40  Photon Cannon  
  16  3:48  Photon Cannon  
  16  4:03  Photon Cannon  
  16  4:09  Photon Cannon  
  16  4:10  Pylon  
  16  4:22  Photon Cannon  
  16  4:24  Photon Cannon  
  16  4:30  Photon Cannon  
  16  4:37  Photon Cannon  
  16  4:48  Photon Cannon  
  16  4:51  Photon Cannon  
  15  5:13  Photon Cannon  
  15  5:14  Photon Cannon  
  15  5:16  Photon Cannon  
  15  5:17  Photon Cannon  
  15  5:20  Pylon  
  14  5:39  Probe (Chrono Boost)  
  14  5:41  Gateway  
  15  5:44  Assimilator  
  15  5:49  Probe (Chrono Boost)  
  16  6:00  Probe (Chrono Boost), Assimilator  
  17  6:10  Probe (Chrono Boost)  
  18  6:21  Probe (Chrono Boost)  
  19  6:27  Gateway  
  19  6:29  Cybernetics Core  
  19  6:31  Probe (Chrono Boost)  
  20  6:42  Probe (Chrono Boost)  
  21  6:52  Probe (Chrono Boost)  
  22  6:55  Pylon  
  22  6:57  Pylon  
  22  6:59  Pylon  
  22  7:13  Mothership Core (Chrono Boost)  
  22  7:14  Stalker  
  26  7:19  Stalker  
  26  7:21  Warp Gate (Chrono Boost)  
  28  7:43  Pylon, Gateway  
  28  7:49  Stalker  
  30  7:59  Stalker  
  30  8:01  Probe (Chrono Boost)  
  33  8:20  Pylon  
  33  8:30  Stalker x2  
  37  8:34  Stalker  
  39  8:42  Protoss Ground Weapons Level 1 (Chrono Boost)  
  39  9:02  Pylon  
  39  9:22  Stalker x3  
  45  9:44  Pylon  
  45  10:16  Nexus  
  39  10:35  Stalker x3  
  43  11:02  Adept x2  
  47  11:07  Adept  
  43  11:29  Probe  
  43  11:30  Probe  
  45  11:39  Probe  
  45  11:41  Pylon  
  45  11:42  Probe  
  47  11:53  Twilight Council  
  47  11:54  Probe  
  48  12:03  Probe  
  48  12:07  Probe  
  50  12:13  Probe  
  51  12:20  Stalker x2  
  55  12:23  Stalker  
  57  12:45  Dark Shrine  
  57  12:47  Charge  
  57  12:54  Assimilator  
  57  12:58  Assimilator  
  57  13:00  Sentry  
  57  13:01  Stalker x2  
  57  13:03  Probe  
  57  13:05  Probe  
  65  13:14  Pylon  
  65  13:23  Probe  
  65  13:24  Probe  
  67  13:29  Pylon  
  67  13:35  Zealot x2  
  67  13:39  Zealot  
  73  13:50  Gateway  
  72  14:06  Dark Templar  
  74  14:14  Dark Templar  
  62  14:25  Zealot  
  62  14:32  Probe  
  62  14:34  Probe  
  64  14:41  Dark Templar  
  66  14:47  Archon  
  66  14:49  Zealot x3  
  58  15:11  Zealot x2  
  58  15:12  Zealot  
  58  15:13  Zealot  
  62  15:26  Mothership Core  
  44  15:38  Zealot x4  
  50  15:51  Nexus  
  50  15:59  Dark Templar  
  52  16:07  Zealot x2  
  52  16:10  Sentry  
  58  16:20  Probe  
  58  16:22  Probe, Pylon  
  60  16:31  Sentry x2  
  64  16:34  Probe  
  65  16:41  Zealot x2  
  65  16:42  Probe  
  65  16:47  Probe  
  71  16:53  Probe  
  71  16:56  Sentry x2  
  76  17:05  Protoss Ground Weapons Level 2 (Chrono Boost)  
  76  17:14  Dark Templar  
  76  17:15  Dark Templar  
  80  17:19  Archon  
  80  17:26  Dark Templar x2  
  84  17:30  Archon  
  82  17:43  Probe x2  
  82  17:45  Probe, Gateway  
  82  17:46  Gateway  
  85  17:58  Stalker x2  
  89  18:02  Dark Templar x2  
  93  18:06  Archon  
  93  18:16  Stargate  
  93  18:17  Stargate  
  93  18:20  Stargate  
  93  18:28  Probe x2  
  93  18:29  Probe  
  96  18:34  Assimilator  
  96  18:41  Probe  
  96  18:45  Nexus  
  97  18:54  Dark Templar x2  
  97  18:55  Dark Templar x2  
  105  18:58  Archon  
  105  18:59  Archon  
  104  19:08  Pylon  
  104  19:10  Void Ray  
  108  19:28  Void Ray x2  
  116  19:44  Zealot x4  
  124  19:58  Void Ray  
  112  20:06  Zealot x4  
  64  20:29  Zealot x2  
  64  20:30  Zealot x2  
Tags
 
Matchup
PvP
Spawn Locations
Cross Positions
Add a new tag
Caveats
  • Supply blocks, unpowered buildings, or Contaminate may cause inaccurate times.
  • Supply counts are checked every 10 seconds.